 Dungeon Crawl Stone Soup version 0.30.1-9-gdf580d7c3d (webtiles) character file.

Game seed: 13424854467225337322

2597 Ivernyr the Blocker (level 9, -1/72 HPs)
             Began as a Formicid Fighter on Oct 7, 2023.
             Was an Initiate of Wu Jian.
             Succumbed to a gnoll sergeant's poison
             ... on level 7 of the Dungeon.
             The game lasted 00:11:43 (6350 turns).

Ivernyr the Blocker (Formicid Fighter)              Turns: 6350, Time: 00:11:44

Health: -1/72      AC: 11    Str: 24 (25) XL:     9   Next: 89%
Magic:  9/9        EV:  9    Int:  6 (8)  God:    Wu Jian [......]
Gold:   647        SH:  6    Dex: 12 (15) Spells: 8/8 levels left

rFire   . . .        a - +7 spear "Cegid" {flame, rN+ Dex+2}
rCold   . . .        c - +0 buckler
rNeg    + . .        b - +0 scale mail
rPois   .            (helmet unavailable)
rElec   .            q - +1 cloak
rCorr   .            (no gloves)
SInv    +            k - +0 pair of boots
Will    .....        (no amulet) Stlth
                     (no ring)
HPRegen 0.32/turn    (no ring)
MPRegen 0.11/turn

%: no passive effects
@: brilliant, lethally poisoned (-1 -> -21)
A: permanent stasis, dig shafts and tunnels, antennae 3, four strong arms
a: Dig, Shaft Self, Renounce Religion


You were on level 7 of the Dungeon.
You worshipped Wu Jian.
Wu Jian was noncommittal.
You visited 2 branches of the dungeon, and saw 9 of its levels.

You collected 647 gold pieces.

Inventory:

Hand Weapons
 a - the +7 spear "Cegid" (weapon) {flame, rN+ Dex+2}
   (You found it on level 5 of the Dungeon)

   Dex:       It affects your dexterity (+2).
   rN:        It protects you from negative energy.
Armour
 b - a +0 scale mail (worn)
 c - a +0 buckler (worn)
 k - a +0 pair of boots (worn)
 q - a +1 cloak (worn)
Wands
 t - a wand of charming (6)
 A - a wand of flame (57)
Scrolls
 h - 10 scrolls of identify {unknown}
 j - a scroll of butterflies {unknown}
 o - a scroll of magic mapping {unknown}
 r - 3 scrolls of amnesia {unknown}
 s - 5 scrolls of teleportation {unknown}
 w - 3 scrolls of torment {unknown}
 x - a scroll of fear {unknown}
 y - 4 scrolls of fog {unknown}
 B - 2 scrolls of immolation {unknown}
 C - a scroll of vulnerability {unknown}
Potions
 d - 2 potions of might
 e - 2 potions of lignification {unknown}
 f - a potion of brilliance
 g - a potion of flight {unknown}
 i - a potion of magic {unknown}
 l - a potion of ambrosia {unknown}
 n - a potion of attraction {unknown}
 p - a potion of curing {unknown}
 u - a potion of degeneration
 v - a potion of haste {unknown}
 z - a potion of mutation {unknown}


   Skills:
 + Level 7.0 Fighting
 * Level 8.3 Axes
 + Level 7.0 Armour
 + Level 8.5 Shields


You had 8 spell levels left.
You didn't know any spells.
Your spell library contained the following spells:

 Spells                   Type           Power      Damage    Failure   Level
 Magic Dart               Conj           0%         1d3       78%         1
 Summon Small Mammal      Summ           0%         N/A       78%         1
 Lesser Beckoning         Tloc           0%         N/A       89%         2
 Momentum Strike          Conj/Tloc      0%         3d8       89%         2
 Searing Ray              Conj           0%         2d4       89%         2
 Call Canine Familiar     Summ           0%         N/A       98%         3
 Ozocubu's Armour         Ice            0%         N/A       98%         3
 Summon Guardian Golem    Hex/Summ       0%         N/A       98%         3
 Fulminant Prism          Conj/Hex       0%         3d5       100%        4
 Passage of Golubria      Tloc           0%         N/A       100%        4
 Silence                  Hex/Air        0%         N/A       100%        5
 Orb of Destruction       Conj           0%         9d5       100%        7
 Ozocubu's Refrigeration  Ice            0%         4d7       100%        7
 Spellforged Servitor     Conj/Summ      0%         N/A       100%        7
 Lehudib's Crystal Spear  Conj/Erth      0%         10d2      100%        8
 Blink                    Tloc           Unusable   N/A       N/A         2

Dungeon Overview and Level Annotations

Branches:
Dungeon (8/15)             Temple (1/1) D:6
   Lair: D:8-11

Altars:
Ashenzari
Cheibriados
Elyvilon
Gozag
Hepliaklqana
Kikubaaqudgha
Nemelex Xobeh
Okawaru
Qazlal
Ru
Sif Muna
Trog
Uskayaw
Vehumet
Wu Jian
Xom
Yredelemnul
The Shining One

Shops:
D:4 (


Innate Abilities, Weirdness & Mutations

You cannot be hasted, slowed, berserked, paralysed or teleported.
You can dig through walls and to a lower floor.
You have a pair of large antennae on your head. (SInv)
Your four strong arms can wield two-handed weapons with a shield.


Message History

* * * LOW HITPOINT WARNING * * *
You are more poisoned.
You hit the gnoll sergeant but do no damage.
The gnoll sergeant is almost dead.
* * * LOW HITPOINT WARNING * * *
You feel very sick.
The gnoll sergeant hits you but does no damage.
You are lethally poisoned!
You hit the gnoll sergeant but do no damage.
The gnoll sergeant is almost dead.
* * * LOW HITPOINT WARNING * * *
You feel very sick.
The gnoll sergeant hits you with a +0 spear of venom.
* * * LOW HITPOINT WARNING * * *
You are more poisoned.
You hit the gnoll sergeant but do no damage.
The gnoll sergeant is almost dead.
* * * LOW HITPOINT WARNING * * *
You feel very sick. The gnoll sergeant barely misses you.
Unknown command.
You feel much better.
* * * LOW HITPOINT WARNING * * *
You feel very sick.
The gnoll sergeant hits you with a +0 spear of venom.
* * * LOW HITPOINT WARNING * * *
You are more poisoned.
You hit the gnoll sergeant. You burn the gnoll sergeant.
You kill the gnoll sergeant!
The Council accepts your kill.
* * * LOW HITPOINT WARNING * * *
You feel extremely sick.
* * * LOW HITPOINT WARNING * * *
You feel very sick.
Things that are here:
a +0 spear of venom; a +0 scale mail It was a potion of degeneration.
There was something very wrong with that liquid.
You feel weakened.
You feel dopey.
You feel clumsy.
You die...

........####### #.
..............# ####.
####....#####.# #....
#....# #.# #######.###
#....#
##.#########..........
######
#......>.....#####.###
####.........#####.#
######
#........###....#
#....# #.@>.##.##
#.#### #.##.####
####.##.# #.#
####.).....# #.##.#
#.### ...........#
#####.##.# #...#
###.....######.....<..#
###.#
###.#...#⌠...#.....####
#.#
....#...##...#.....##
#.#
#####......_.####...#
#.# ####...##...#
#.#.##### #.#


There were no monsters in sight!

Vanquished Creatures
  3 yaks (D:5)
  Eustachio (D:4)
  An acid dragon (D:7)
  2 ice beasts
  An orc warrior (D:7)
  2 black bears
  An ogre (D:4)
  A centaur (D:7)
  2 phantoms (D:6)
  2 bullfrogs (D:7)
  A gnoll sergeant (D:7)
  3 wights (D:6)
  An orc priest (D:3)
  2 hounds
  3 jellies (D:6)
  Crazy Yiuf (D:7)
  A gnoll bouda (D:7)
  6 iguanas
  A sleepcap (D:6)
  Natasha (thrice) (D:3)
  2 orc wizards
  4 gnolls
  8 adders
  A shadow imp (D:6)
  A white imp (D:7)
  2 worms
  5 dart slugs
  25 orcs
  9 ball pythons
  9 endoplasms
  5 giant cockroaches
  11 hobgoblins
  2 jackals (D:3)
  6 kobolds
  3 quokkas
  6 bats
  5 frilled lizards
  4 goblins
  10 rats
156 creatures vanquished.

Vanquished Creatures (others)
  A butterfly (D:3)
1 creature vanquished.

Grand Total: 157 creatures vanquished

Notes
Turn   | Place    | Note
-------+----------+-------------------------------------------
     0 | D:1      | Ivernyr the Formicid Fighter began the quest for the Orb.
     0 | D:1      | Reached XP level 1. HP: 18/18 MP: 1/1
   107 | D:1      | Found a faded altar of an unknown god.
   144 | D:1      | Reached XP level 2. HP: 19/24 MP: 2/2
   213 | D:1      | You fall into a shaft and drop 1 floor!
   295 | D:1      | Reached XP level 3. HP: 25/29 MP: 3/3
   983 | D:2      | Reached XP level 4. HP: 35/37 MP: 4/4
  1123 | D:2      | Found a shimmering blue altar of Sif Muna.
  1381 | D:3      | Reached XP level 5. HP: 24/42 MP: 5/5
  1536 | D:3      | Found a white marble altar of Elyvilon.
  1536 | D:3      | Noticed Natasha
  1549 | D:3      | Killed Natasha
  1628 | D:3      | Found a broken altar of Ashenzari.
  1635 | D:3      | Reached skill level 5 in Shields
  1644 | D:3      | Found an opulent altar of Gozag.
  1802 | D:3      | Noticed Natasha
  1812 | D:3      | Killed Natasha
  1841 | D:3      | Reached XP level 6. HP: 48/48 MP: 6/6
  2075 | D:3      | Noticed Natasha
  2077 | D:3      | Killed Natasha
  2307 | D:4      | Noticed Eustachio
  2322 | D:4      | Killed Eustachio
  2481 | D:4      | Found an ancient bone altar of Kikubaaqudgha.
  2659 | D:4      | Noticed an ogre
  2666 | D:4      | Killed an ogre
  2667 | D:4      | Reached XP level 7. HP: 37/55 MP: 7/7
  2844 | D:4      | Found Vomp's Weapon Shoppe.
  2852 | D:4      | Reached skill level 5 in Axes
  2986 | D:4      | Reached skill level 5 in Fighting
  3488 | D:5      | Entered Level 5 of the Dungeon
  3500 | D:5      | Identified the +7 spear "Cegid" {flame, rN+ Dex+2}
  3507 | D:5      | Reached skill level 5 in Armour
  3537 | D:5      | Found a snail-covered altar of Cheibriados.
  3674 | D:5      | Found a shimmering altar of Xom.
  3732 | D:5      | Noticed a yak
  3733 | D:5      | Noticed a yak
  3734 | D:5      | Noticed a yak
  3741 | D:5      | Killed a yak
  3742 | D:5      | Reached XP level 8. HP: 62/62 MP: 8/8
  3747 | D:5      | Killed a yak
  3753 | D:5      | Killed a yak
  4436 | D:6      | Found a hazy altar of Hepliaklqana.
  4623 | D:6      | Found a staircase to the Ecumenical Temple.
  4631 | D:6      | Reached XP level 9. HP: 69/69 MP: 9/9
  4696 | Temple   | Entered the Ecumenical Temple
  4717 | Temple   | Became a worshipper of the Wu Jian Council
  5689 | D:7      | Found a bloodstained altar of Trog.
  6003 | D:7      | Found a runed translucent door.
  6004 | D:7      | Noticed Crazy Yiuf
  6014 | D:7      | Killed Crazy Yiuf
  6346 | D:7      | HP: 3/72 [poisoned by a gnoll sergeant]
  6350 | D:7      | Succumbed to a gnoll sergeant's poison

Illustrated notes

Levels and vault maps discovered:
D:1:      lightli_arrival_quake, layout_rooms, basic_ecumenical_altar,
          roderic_roman_lattice, minmay_box_of_dots
D:2:      layout_loops_ring, basic_altar
D:3:      layout_basic, nicolae_elyvilon_peaceful_grove,
          mainiacjoe_overflow_catch_the_wave, chequers_serial_rivers_micro_d,
          minmay_circle_x, uniq_natasha
D:4:      layout_basic, kennysheep_mini_moat, serial_aquarium,
          aquarium_bridge_square [aquarium_subvault_balcony,
          aquarium_subvault_bridge, aquarium_subvault_wall,
          aquarium_subvault_bridge], aquarium_bridge_long_separate
          [aquarium_subvault_bridge, aquarium_subvault_bridge,
          aquarium_subvault_bridge, aquarium_subvault_bridge,
          aquarium_subvault_bridge, aquarium_subvault_bridge],
          aquarium_window_fake, aquarium_window_1, aquarium_window_fake,
          aquarium_view_2f, aquarium_view_2b, aquarium_pool_five, serial_shops,
          nicolae_shop_tiny_statue_garden, minmay_misc_feat_x,
          wad_floor_pattern_untrapped, minmay_misc_feat_four_crosses,
          chequers_serial_rivers_micro_a, uniq_eustachio
D:5:      layout_basic, mainiacjoe_overflow_concentric_impassable,
          mainiacjoe_overflow_24_doors, serial_park_tiny_1
D:6:      layout_loops_ring, mainiacjoe_overflow_small_starburst,
          minmay_temple_entry_gardened_gates
D:7:      layout_basic, mainiacjoe_overflow_alcove_2, uniq_crazy_yiuf_cottage
D:8:      layout_gridville, uniq_maggie
Temple:   eino_narrow_crystal_temple

Skill      XL: |  1  2  3  4  5  6  7  8  9 |
---------------+----------------------------+-----
Axes           | 3 4 5 6 8 |  8.3
Fighting       | 4 5 6 7 |  7.0
Armour         | 4 5 6 7 |  7.0
Shields        | 5 6 7 8 |  8.5

Action                     |  1- 3 |  4- 6 |  7- 9 || total
---------------------------+-------+-------+-------++-------
  Melee: War axe           |    12 |       |       ||    12
         Hand axe          |    61 |   136 |    47 ||   244
         Spear             |       |       |   209 ||   209
Ability: Lunge             |       |       |     8 ||     8
    Use: Potion            |       |       |     6 ||     6
 Armour: Scale mail        |    33 |    52 |    74 ||   159
  Dodge: Dodged            |    25 |    54 |    76 ||   155
  Block: Buckler           |    25 |    42 |    49 ||   116
